 Dungeon Crawl Stone Soup version 0.16.1-28-gcc2312f (webtiles) character file.

128 Miyamura the Sneak (level 4, -3/22 HPs)
             Began as a Spriggan Conjurer on May 25, 2015.
             Killed by divine providence
             ... invoked by an orc priest
              (8 damage)
             ... on level 3 of the Dungeon.
             The game lasted 00:12:07 (3417 turns).

Miyamura the Sneak (Spriggan Conjurer)              Turns: 3417, Time: 00:12:07

Health: -3/22      AC:  2    Str:  4    XL:     4   Next: 87%
Magic:  1/13       EV: 19    Int: 17    God:
Gold:   167        SH:  0    Dex: 16    Spells: 4 memorised, 1 level left

rFire  . . .     SeeInvis +     g - +2 dagger (venom)
rCold  . . .     Clarity  .     a - +0 robe
rNeg   + . .     SustAb   .     (shield restricted)
rPois  .         Gourm    .     (helmet restricted)
rElec  .         Spirit   .     (no cloak)
rCorr  .         Warding  +     (gloves unavailable)
rMut   .         Stasis   .     (boots unavailable)
MR     .....                    e - amulet of warding
Stlth  +++.......               (no ring)
                                (no ring)

@: very slightly contaminated, very quick, not resistant to hostile
enchantments, fairly stealthy
A: unfitting armour, see invisible, herbivore 3, speed 3, slow metabolism 2
a: no special abilities


You were on level 3 of the Dungeon.
You were not hungry.

You visited 1 branch of the dungeon, and saw 3 of its levels.

You collected 167 gold pieces.

Inventory:

Hand weapons
 g - a +2 dagger of venom (weapon)
Armour
 a - a +0 robe (worn)
Jewellery
 e - an amulet of warding (around neck)
 j - an uncursed ring of protection from cold {unknown}
Scrolls
 i - 2 scrolls of enchant weapon {unknown}
 k - 2 scrolls of identify {unknown}
 m - a scroll of fear {unknown}
 n - a scroll of random uselessness {unknown}
 o - 2 scrolls of blinking {unknown}
 p - a scroll of enchant armour {unknown}
 q - a scroll of remove curse {unknown}
 r - a scroll of noise {unknown}
Potions
 d - 3 potions of curing
 f - a potion of might {unknown}
 h - a potion of lignification {unknown}
 l - a potion of brilliance {unknown}
 t - a potion of invisibility {unknown}
Books
 c - a book of Conjurations

   Spells                             Type                      Level
   a - Magic Dart                     Conjuration                  1
   b - Searing Ray                    Conjuration                  2
   c - Dazzling Spray                 Conjuration/Hexes            3
   d - Fulminant Prism                Conjuration/Hexes            4
   e - Iskenderun's Mystic Blast      Conjuration                  4
   f - Iskenderun's Battlesphere      Conjuration/Charms           5
 s - a book of Maledictions

   Spells                             Type                      Level
   a - Corona                         Hexes                        1
   b - Sure Blade                     Hexes/Charms                 2
   c - Ensorcelled Hibernation        Hexes/Ice                    2
   d - Confuse                        Hexes                        3
   e - Dazzling Spray                 Conjuration/Hexes            3
   f - Enslavement                    Hexes                        4
Comestibles
 b - 3 bread rations


   Skills:
 + Level 1.4 Fighting
 + Level 0.4 Short Blades
 + Level 4.2 Dodging
 + Level 4.9 Stealth
 + Level 3.1 Spellcasting
 + Level 3.3 Conjurations
 + Level 0.8 Hexes


You had one spell level left.
You knew the following spells:

 Your Spells              Type           Power        Failure   Level  Hunger
a - Magic Dart            Conj           ##..         4%          1    None
b - Sure Blade            Hex/Chrm       #.........   24%         2    ##.....
c - Confuse               Hex            #.......     38%         3    ###....
R - Searing Ray           Conj           ##....       10%         2    ##.....


Dungeon Overview and Level Annotations

Branches:
Dungeon (3/15)

Altars:


Innate Abilities, Weirdness & Mutations

You are tiny and cannot use many weapons and most armour.
You have supernaturally acute eyesight.
You are a herbivore.
You cover ground extremely quickly.
You need consume almost no food.


Message History

* * * LOW HITPOINT WARNING * * *
Read which item? (? for menu, Esc to quit)
Okay, then.
Drink which item? (? for menu, Esc to quit)
Okay, then.
Drink which item? (? for menu, Esc to quit)
It was a potion of curing.
You feel better. The orc priest misses you.
The orc priest glows brightly for a moment.
A hobgoblin comes into view. It is wielding a club.
The orc priest mumbles some strange prayers to Beogh against you.
Pain shoots through your body! The hobgoblin closely misses you.
You barely miss the hobgoblin. The hobgoblin misses you.
The orc priest invokes the aid of Beogh against you.
Pain shoots through your body!
* * * LOW HITPOINT WARNING * * *
You hit the hobgoblin but do no damage.
The hobgoblin is poisoned.
The orc priest mumbles some strange prayers to Beogh against you.
Something smites you!
You die...

# ########## #########
........o##############.>......
.>.......ooo...@g........##...##
...<.......###############.....#
...........)....#########.......
.........#####.)...............
########## ############.....#
##....# #### #########.. ##..##
#####.......... #....#
#.....########.


You could see an orc priest, 3 orcs and a hobgoblin.

Vanquished Creatures
  4 adders (D:3)
  6 worms
  4 giant geckos
  2 oozes
  An orc (D:3)
  3 bats
  2 giant cockroaches (D:2)
  12 goblins
  10 hobgoblins
  6 jackals (D:2)
  8 kobolds
  8 rats
66 creatures vanquished.

Notes
Turn   | Place    | Note
--------------------------------------------------------------
     0 | D:1      | Miyamura, the Spriggan Conjurer, began the quest for the Orb.
     0 | D:1      | Reached XP level 1. HP: 9/9 MP: 4/4
   500 | D:1      | Reached XP level 2. HP: 14/14 MP: 3/7
  1092 | D:2      | Reached XP level 3. HP: 17/17 MP: 1/9
  1498 | D:2      | Learned a level 2 spell: Searing Ray
  1536 | D:2      | Reached skill level 1 in Fighting
  1775 | D:2      | Reached skill level 4 in Stealth
  2292 | D:3      | Reached XP level 4. HP: 22/22 MP: 13/13
  2393 | D:3      | HP: 1/22 [poisoned by a kobold]
  2824 | D:3      | Learned a level 2 spell: Sure Blade
  2828 | D:3      | Learned a level 3 spell: Confuse
  3417 | D:3      | Killed from afar by an orc priest

Action                   |  1- 3 |  4- 6 || total
-------------------------+-------+-------++-------
Melee: Dagger            |    73 |    49 ||   122
 Cast: Magic Dart        |    38 |    27 ||    65
       Searing Ray       |     1 |     4 ||     5
       Sure Blade        |       |     3 ||     3
       Confuse           |       |     2 ||     2
  Use: Potion            |       |     1 ||     1
 Stab: Sleeping          |     7 |     1 ||     8
  Eat: Fruit             |       |     1 ||     1
